AoeStats
← cisi1982

Arabia

509835839Analyzed
1v1 RM · 4d ago on Sep 28, 2026· 41m 30s· 2 players
Game mode
Random Map
Map size
Tiny (2 player)
Population
200
Speed
Normal
Resources
Standard
Victory
Conquest
Starting age
Dark Age
Ending age
Imperial Age
RankedLock teamsTeams togetherTeam positionsShared explorationLock speedFull tech treeHidden civsTurbo modeCheats
Victory
Defeat
🇨🇿 Goths · Czechia
873
+16
🇩🇪 Slavs · Germany
881
-16
cisi1982
7:04 Loom
9:23 Feudal Age
10:45 Double-Bit Axe
13:29 Man-at-Arms
17:44 Forging
23:03 Castle Age
20:51 Town Watch
23:15 Scale Mail Armor
23:08 Long Swordsman
24:32 Squires
32:13 Fletching
40:22 Iron Casting
florianknauth
10:50 Feudal Age
10:16 Loom
12:01 Double-Bit Axe
12:44 Town Watch
16:41 Man-at-Arms
20:50 Horse Collar
24:52 Castle Age
23:05 Forging
22:55 Scale Mail Armor
24:16 Stone Mining
26:09 Chain Mail Armor
26:29 Iron Casting
Connection lost

Rejoining the realm…

Still unreachable

The connection could not be restored.

Session expired

The server has moved on; the page needs a fresh start.